 Dungeon Crawl Stone Soup version 0.29.1-14-g9c671dbff4 (webtiles) character file.

Game seed: 3784971689040050132

4656 leafyfresh the Covert (level 10, -10/82 HPs)
             Began as a Gnoll Delver on Feb 13, 2023.
             Was a Believer of Cheibriados.
             Killed from afar by Erica (26 damage)
             ... with a bolt of poison
             ... on level 8 of the Dungeon.
             The game lasted 00:18:27 (9436 turns).

leafyfresh the Covert (Gnoll Delver)                Turns: 9436, Time: 00:18:27

Health: -10/82     AC:  6    Str: 18 (20) XL:     10   Next: 43%
Magic:  12/18      EV: 18    Int: 18 (19) God:    Cheibriados [**....]
Gold:   455        SH:  0    Dex: 24 (25) Spells: 9/19 levels left

rFire   . . .      SeeInvis .   y - +4 dagger (venom)
rCold   . . .      Faith    .   (no shield)
rNeg    . . .      Spirit   .   n - +0 robe {Archmagi}
rPois   .          Reflect  .   (helmet restricted)
rElec   .          Harm     .   G - +0 cloak
rCorr   .          Rampage  .   o - +0 pair of gloves
Will    .....      Archmagi +   i - +0 pair of boots
Stlth   +++++..... Clarity  +   (no amulet)
HPRegen 0.23/turn               A - +4 ring of slaying
MPRegen 0.16/turn               w - +6 ring of strength

@: lethally poisoned (-10 -> -34), about to teleport, very slow
A: fangs 1, strong nose, distributed training, antennae 1, agile 1, clarity,
clever 1
a: Renounce Religion, Bend Time


You were on level 8 of the Dungeon.
You worshipped Cheibriados.
Cheibriados was pleased with you.
You visited 2 branches of the dungeon, and saw 9 of its levels.

You collected 477 gold pieces.
You spent 22 gold pieces at shops.

Inventory:

Hand Weapons
 a - a +0 spear
 y - a +4 dagger of venom (weapon)
 H - a +1 sling of flaming
Missiles
 j - a throwing net (quivered)
Armour
 i - a +0 pair of boots (worn)
 n - a +0 robe of the Archmagi (worn)
 o - a +0 pair of gloves (worn)
 G - a +0 cloak (worn)
Jewellery
 p - a ring of magical power
 w - a +6 ring of strength (right hand)
 A - a +4 ring of slaying (left hand)
Wands
 b - a wand of flame (14)
 g - a wand of digging (5)
 E - a wand of roots (2)
Scrolls
 c - a scroll of fog
 d - 5 scrolls of magic mapping
 e - 2 scrolls of fear
 h - a scroll of silence
 r - a scroll of amnesia
 z - a scroll of immolation
 C - a scroll of poison {unknown}
 F - a scroll of brand weapon {unknown}
Potions
 f - 2 potions of haste
 k - 2 potions of curing {unknown}
 l - 2 potions of cancellation
 m - 4 potions of brilliance
 q - 2 potions of mutation
 s - a potion of berserk rage {unknown}
 t - a potion of invisibility {unknown}
 v - a potion of ambrosia {unknown}
 x - 2 potions of degeneration
 B - 2 potions of heal wounds {unknown}
 D - 2 potions of lignification {unknown}


   Skills:
 + Level 8.6 Fighting
 + Level 5.4 Short Blades
 + Level 5.4 Long Blades
 + Level 5.4 Axes
 + Level 5.4 Maces & Flails
 + Level 7.2 Polearms
 + Level 5.4 Staves
 + Level 5.4 Ranged Weapons
 + Level 5.4 Throwing
 + Level 5.4 Armour
 + Level 7.2 Dodging
 + Level 11.0 Stealth
 + Level 5.4 Shields
 + Level 5.4 Unarmed Combat
 + Level 5.4 Spellcasting
 + Level 4.5 Conjurations
 + Level 4.5 Hexes
 + Level 4.5 Summonings
 + Level 4.5 Necromancy
 + Level 4.5 Translocations
 + Level 4.5 Transmutations
 + Level 4.5 Fire Magic
 + Level 4.5 Ice Magic
 + Level 4.5 Air Magic
 + Level 4.5 Earth Magic
 + Level 4.5 Poison Magic
 + Level 6.0 Invocations
 + Level 5.4 Evocations


You had 9 spell levels left.
You knew the following spells:

 Your Spells              Type           Power      Damage    Failure   Level
a - Wereblood             Tmut           31%        N/A       3%          2
b - Fulminant Prism       Conj/Hex       15%        3d11      21%         4
c - Iskenderun's Mystic   Conj/Tloc      31%        2d8       21%         4

Your spell library contained the following spells:

 Spells                   Type           Power      Damage    Failure   Level
 Sublimation of Blood     Necr           31%        N/A       3%          2
 Gell's Gravitas          Tloc           31%        N/A       6%          3
 Lesser Beckoning         Tloc           31%        N/A       6%          3
 Teleport Other           Tloc           31%        N/A       6%          3
 Lee's Rapid Deconstruct  Erth           15%        3d11*     50%         5
 Summon Hydra             Summ           15%        N/A       100%        7


Dungeon Overview and Level Annotations

Branches:
Dungeon (8/15)             Temple (1/1) D:5
   Lair: D:8-11

Altars:
Cheibriados
Elyvilon
Gozag
Hepliaklqana
Makhleb
Nemelex Xobeh
Okawaru
Qazlal
Ru
Sif Muna
Trog
Uskayaw
Wu Jian
Xom
Yredelemnul
Zin
The Shining One

Shops:
D:1 [   D:8 **

Annotations:
D:8 Erica


Innate Abilities, Weirdness & Mutations

You have very sharp teeth.
Your uncanny sense of smell can sniff out nearby items.
Your experience applies equally to all skills.
You have a pair of small antennae on your head.
You are agile. (Dex +4, Str/Int -1)
You possess an exceptional clarity of mind.
Your mind is acute. (Int +4, Str/Dex -1)


Message History

You hear some strange, mumbled words.
A bolt of poison appears from out of thin air!
The bolt of poison misses you.
Your fulminant prism crackles loudly.
Your +1 sling of flaming stops flaming.
Your +4 dagger of venom begins to drip with poison!
y - a +4 dagger of venom (weapon)
Your fulminant prism explodes!
The blast of energy engulfs something!
You hear a roar!
You hear an angry hiss.
You hear a shout!
Unknown command.
You hit something.
You hear some strange, mumbled words.
A bolt of poison appears from out of thin air!
The bolt of poison hits you!
You are poisoned.
You hit something.
You feel sick. Something hits you! Something burns you.
You hit something.
You feel sick.
Unknown command.
You miss something. Your bite misses something.
You feel sick.
You hear some strange, mumbled words.
A lance of force appears from out of thin air!
The lance of force hits you!!
You are knocked back by the lance of force.
You slam into the rock wall!
* * * LOW HITPOINT WARNING * * *
Casting: Fulminant Prism (dangerous; 19% risk of failure)
Confirm with . or Enter, or press ? or * to list all spells.
Okay, then.
As you read the scroll of teleportation, it crumbles to dust.
You feel strangely unstable.
You feel sick.
It was a potion of degeneration.
There was something very wrong with that liquid.
You feel weakened.
You feel dopey.
You feel clumsy.
You feel sick.
You hear some strange, mumbled words.
A bolt of poison appears from out of thin air!
The bolt of poison hits you!!
You are lethally poisoned!
You die...

#.#~...~#..##.......#
#.#~~~~~#..##########
#.#######.##
#.####....#
#.#.....### #
#.#.##.## #.##.{.##.#
# #.....###{#
#.#####.....@#
#..#......>###
######.#.#.##....####
.....................
..####.#.#..##.#.....
............)........
..##.......###.......
###..#..#######.#..##
###....###.........#


There were no monsters in sight!

Vanquished Creatures
  2 two-headed ogres (D:8)
  Pikel (D:6)
  A steam dragon (D:7)
  A water moccasin (D:6)
  2 black bears
  2 ice beasts (D:5)
  4 sky beasts
  An ogre (D:5)
  A lemure (D:6)
  2 kobold brigands (D:8)
  7 bullfrogs
  2 wyvern zombies (D:7)
  2 scorpions (D:5)
  5 wights (D:7)
  4 killer bees (D:8)
  An electric eel (D:8)
  4 centaur zombies (D:7)
  3 hounds
  2 jellies (D:6)
  2 iguanas
  Ijyb (D:4)
  2 killer bee zombies (D:7)
  Robin (D:4)
  10 gnolls
  4 adders
  3 shadow imps
  2 ufetubi
  5 worms
  4 dart slugs
  6 orcs
  7 bats
  6 endoplasms
  6 giant cockroaches
  8 hobgoblins
  11 jackals
  18 kobolds
  A quokka (D:2)
  4 ball pythons
  3 frilled lizards
  11 goblins
  4 rats
166 creatures vanquished.

Vanquished Creatures (others)
  10 fulminant prisms (D:8)
10 creatures vanquished.

Grand Total: 176 creatures vanquished

Notes
Turn   | Place    | Note
-------+----------+-------------------------------------------
     0 | D:5      | Reached skill level 9 in Stealth
     0 | D:5      | leafyfresh the Gnoll Delver began the quest for the Orb.
     0 | D:5      | Reached XP level 1. HP: 23/23 MP: 1/1
    12 | D:5      | Noticed an ogre
    24 | D:4      | Noticed Robin
   108 | D:2      | Reached XP level 2. HP: 29/29 MP: 2/2
   316 | D:1      | Reached XP level 3. HP: 35/35 MP: 3/3
   332 | D:1      | Learned a level 2 spell: Wereblood
   484 | D:1      | Found a faded altar of an unknown god.
   500 | D:1      | Found Iluom's Armour Shoppe.
   515 | D:1      | Reached skill level 1 in Invocations
  1013 | D:2      | Reached skill level 1 in Short Blades
  1013 | D:2      | Reached skill level 1 in Long Blades
  1013 | D:2      | Reached skill level 1 in Axes
  1013 | D:2      | Reached skill level 1 in Maces & Flails
  1013 | D:2      | Reached skill level 1 in Staves
  1013 | D:2      | Reached skill level 1 in Ranged Weapons
  1013 | D:2      | Reached skill level 1 in Throwing
  1013 | D:2      | Reached skill level 1 in Armour
  1013 | D:2      | Reached skill level 1 in Shields
  1013 | D:2      | Reached skill level 1 in Unarmed Combat
  1013 | D:2      | Reached skill level 1 in Spellcasting
  1013 | D:2      | Reached skill level 1 in Evocations
  1248 | D:2      | Reached XP level 4. HP: 41/41 MP: 5/5
  1967 | D:2      | Reached skill level 1 in Conjurations
  1967 | D:2      | Reached skill level 1 in Hexes
  1967 | D:2      | Reached skill level 1 in Summonings
  1967 | D:2      | Reached skill level 1 in Necromancy
  1967 | D:2      | Reached skill level 1 in Translocations
  1967 | D:2      | Reached skill level 1 in Transmutations
  1967 | D:2      | Reached skill level 1 in Fire Magic
  1967 | D:2      | Reached skill level 1 in Ice Magic
  1967 | D:2      | Reached skill level 1 in Air Magic
  1967 | D:2      | Reached skill level 1 in Earth Magic
  1967 | D:2      | Reached skill level 1 in Poison Magic
  2883 | D:3      | Reached XP level 5. HP: 34/44 MP: 7/7
  3471 | D:4      | Killed Robin
  3786 | D:4      | Noticed Ijyb
  3799 | D:4      | Killed Ijyb
  4237 | D:4      | Gained mutation: You are agile. (Dex +4, Str/Int -1)
                  | [potion of mutation]
  4237 | D:4      | Gained mutation: Your mind is acute. (Int +4, Str/Dex -1)
                  | [potion of mutation]
  4237 | D:4      | Gained mutation: You have a pair of small antennae on your
                  | head. [potion of mutation]
  4237 | D:4      | Gained mutation: You possess an exceptional clarity of
                  | mind. [potion of mutation]
  4254 | D:5      | Reached XP level 6. HP: 49/53 MP: 8/8
  4314 | D:5      | Reached skill level 5 in Polearms
  4314 | D:5      | Reached skill level 5 in Dodging
  4602 | D:5      | Noticed an ice beast
  4904 | D:5      | Reached XP level 7. HP: 60/60 MP: 10/10
  5298 | D:5      | Reached skill level 10 in Stealth
  5560 | D:5      | Found a staircase to the Ecumenical Temple.
  5699 | Temple   | Entered the Ecumenical Temple
  5819 | Temple   | Became a worshipper of Cheibriados the Contemplative
  5952 | D:6      | Reached XP level 8. HP: 67/67 MP: 12/12
  6180 | D:6      | Noticed Pikel
  6240 | D:6      | Found a shimmering blue altar of Sif Muna.
  6268 | D:6      | Killed Pikel
  6269 | D:6      | Reached XP level 9. HP: 57/73 MP: 10/14
  6633 | D:6      | Found a hazy altar of Hepliaklqana.
  6636 | D:6      | Reached * piety under Cheibriados
  6638 | D:6      | Found a sacrificial altar of Ru.
  6641 | D:6      | Found a sparkling altar of Nemelex Xobeh.
  6641 | D:6      | Found a bloodstained altar of Trog.
  7516 | D:7      | Found a glowing silver altar of Zin.
  7519 | D:7      | Noticed an angel
  7522 | D:7      | Found a shimmering altar of Xom.
  7815 | D:7      | Found a basalt altar of Yredelemnul.
  7818 | D:7      | Reached skill level 5 in Invocations
  8190 | D:7      | Found a burning altar of Makhleb.
  8383 | D:7      | Reached ** piety under Cheibriados
  8699 | D:7      | Learned a level 4 spell: Fulminant Prism
  8704 | D:7      | Learned a level 4 spell: Iskenderun's Mystic Blast
  8707 | D:8      | Found Weadas's Specific Store.
  8710 | D:8      | Found Teyloript's General Store.
  8714 | D:8      | Bought a scroll of identify for 22 gold pieces
  8736 | D:8      | Noticed a two-headed ogre
  8780 | D:8      | Killed a two-headed ogre
  8781 | D:8      | Reached skill level 5 in Short Blades
  8781 | D:8      | Reached skill level 5 in Long Blades
  8781 | D:8      | Reached skill level 5 in Axes
  8781 | D:8      | Reached skill level 5 in Maces & Flails
  8781 | D:8      | Reached skill level 5 in Staves
  8781 | D:8      | Reached skill level 5 in Ranged Weapons
  8781 | D:8      | Reached skill level 5 in Throwing
  8781 | D:8      | Reached skill level 5 in Armour
  8781 | D:8      | Reached skill level 5 in Shields
  8781 | D:8      | Reached skill level 5 in Unarmed Combat
  8781 | D:8      | Reached skill level 5 in Spellcasting
  8781 | D:8      | Reached skill level 5 in Evocations
  8781 | D:8      | Reached XP level 10. HP: 40/82 MP: 17/17
  9096 | D:8      | Noticed a two-headed ogre
  9108 | D:8      | Killed a two-headed ogre
  9109 | D:8      | Reached skill level 11 in Stealth
  9420 | D:8      | Noticed Erica
  9436 | D:8      | Killed from afar by Erica

Illustrated notes

Levels and vault maps discovered:
D:1:      dpeg_arrival_rooms_with_view, layout_basic, serial_forest,
          infiniplex_forest_clump_medium, infiniplex_forest_lined_1,
          infiniplex_forest_lined_room_, infiniplex_forest_lined_room_2,
          infiniplex_forest_clump_medium, infiniplex_forest_clump_cross,
          shapermc_ecumenical_altar_pompeii, serial_shops, shop
D:2:      layout_basic, serial_corexii_hall, chequers_hall_statues_corner_a,
          corexii_hall_statues_l
D:3:      layout_loops_ring
D:4:      layout_loops_ring, uniq_ijyb, uniq_robin
D:5:      layout_rooms, lemuel_temple_firewalk_a, nicolae_elevator_lobby_plus
D:6:      layout_loops_ring, nicolae_overflow_hallway_of_the_gods,
          minmay_crystal_room, uniq_pikel
D:7:      layout_basic, grunt_temple_overflow_order_and_chaos_1,
          overflow_temple_1_default, nicolae_yredelemnul_corpse_copse,
          serial_bayou_lagoon_a
D:8:      layout_rooms, kennysheep_decorative_pillar, nicolae_specific_store,
          kennysheep_minor_cross, kennysheep_generic_room_14,
          uniq_prince_ribbit1, uniq_erica
Temple:   hellmonk_temple_beads

Skill      XL: |  1  2  3  4  5  6  7  8  9 10 |
---------------+-------------------------------+-----
Stealth        | 10 11 | 11.0
Invocations    | 1 2 3 4 5 6 |  6.0
Short Blades   | 1 2 3 5 |  5.4
Long Blades    | 1 2 3 5 |  5.4
Axes           | 1 2 3 5 |  5.4
Maces & Flails | 1 2 3 5 |  5.4
Staves         | 1 2 3 5 |  5.4
Ranged Weapons | 1 2 3 5 |  5.4
Throwing       | 1 2 3 5 |  5.4
Armour         | 1 2 3 5 |  5.4
Shields        | 1 2 3 5 |  5.4
Unarmed Combat | 1 2 3 5 |  5.4
Spellcasting   | 1 2 3 5 |  5.4
Evocations     | 1 2 3 5 |  5.4
Conjurations   | 1 2 3 4 |  4.5
Hexes          | 1 2 3 4 |  4.5
Summonings     | 1 2 3 4 |  4.5
Necromancy     | 1 2 3 4 |  4.5
Translocations | 1 2 3 4 |  4.5
Transmutations | 1 2 3 4 |  4.5
Fire Magic     | 1 2 3 4 |  4.5
Ice Magic      | 1 2 3 4 |  4.5
Air Magic      | 1 2 3 4 |  4.5
Earth Magic    | 1 2 3 4 |  4.5
Poison Magic   | 1 2 3 4 |  4.5
Polearms       | 5 6 7 |  7.2
Dodging        | 5 6 7 |  7.2
Fighting       | 7 8 |  8.6

Action                   |  1- 3 |  4- 6 |  7- 9 | 10-12 || total
-------------------------+-------+-------+-------+-------++-------
Melee: Spear             |   110 |    87 |       |       ||   197
       Bite              |     5 |    20 |    33 |     2 ||    60
       Punch             |     1 |     3 |     9 |     3 ||    16
       Dagger            |       |   110 |   219 |    24 ||   353
 Fire: Sling             |       |       |       |    11 ||    11
 Cast: Wereblood         |       |       |     7 |       ||     7
       Fulminant Prism   |       |       |       |    10 ||    10
       Iskenderun's Myst |       |       |       |     1 ||     1
  Use: Scroll            |       |     9 |     6 |     1 ||    16
       Potion            |       |     1 |       |     1 ||     2
 Stab: Sleeping          |    15 |    15 |    12 |       ||    42
       Distracted        |       |     1 |       |       ||     1
       Fleeing           |       |       |     1 |       ||     1
Armor: Leather armour    |    19 |    48 |    18 |       ||    85
       Robe              |       |       |    26 |     5 ||    31
Dodge: Dodged            |    43 |   122 |   167 |    13 ||   345
